SL
NEW AMSTERDAM REPUBLICS @ FT. WORTH CATTLEMEN
04/21/2021
 
TOP OF THE 1ST
New Amsterdam Republics batting - Pitching for Ft. Worth Cattlemen : LHP Bartolomeu Lio
Pitching: LHP Bartolomeu Lio
Batting: LHB Steve Ingram 0-0: Ball
1-0: Fly out, F7 (Popup, 6D)
Batting: RHB Hank Wilder 0-0: Ball
1-0: Ball
2-0: Swinging Strike
2-1: TRIPLE (Flyball, 9D)
Batting: RHB Júlio Maldonado 0-0: Called Strike
0-1: SINGLE (Flyball, 6D)
Hank Wilder scores
Batting: RHB Carlos Ortega 0-0: Ball
1-0: Foul Ball, location: 2F
1-1: Called Strike
1-2: Ball
2-2: Ground out 6-3 (Groundball, 6MD)
Júlio Maldonado to second
Batting: RHB Takeru Sanu 0-0: Ball
1-0: Ground out 5-3 (Groundball, 5L)
Top of the 1st over - 1 run(s), 2 hit(s), 0 error(s), 1 left on base; New Amsterdam 1 - Ft. Worth 0
BOTTOM OF THE 1ST
Ft. Worth Cattlemen batting - Pitching for New Amsterdam Republics : RHP Andy Coker
Pitching: RHP Andy Coker
Batting: SHB Robby Day 0-0: Ball
1-0: Foul Ball, location: 2F
1-1: Swinging Strike
1-2: Ball
2-2: Foul Ball, location: 2F
2-2: Ball
3-2: Base on Balls
Batting: LHB Ryan Westlake 0-0: Ball
1-0: Called Strike
1-1: Swinging Strike
1-2: Ball
2-2: Ball
3-2: Base on Balls
Robby Day to second
Batting: RHB Bart Lewis 0-0: Ball
1-0: Ball
2-0: Called Strike
2-1: Foul Ball, location: 2F
2-2: Foul Ball, location: 2F
2-2: SINGLE (Flyball, 7S)
Robby Day to third
Ryan Westlake to second
Batting: RHB Alan Elder 0-0: Swinging Strike
0-1: Fly out, F7 (Flyball, 7LD)
Runner from 3rd tags up, SCORES, no throw
Batting: RHB Joey Morgan 0-0: Fielders Choice at 2nd, 6-4 (Groundball, 6M)
Ryan Westlake to third
Batting: SHB Eiji Suzuki 0-0: Foul Ball, location: 2F
0-1: Ground out 4-3 (Groundball, 34)
Bottom of the 1st over - 1 run(s), 1 hit(s), 0 error(s), 2 left on base; New Amsterdam 1 - Ft. Worth 1
TOP OF THE 2ND
New Amsterdam Republics batting - Pitching for Ft. Worth Cattlemen : LHP Bartolomeu Lio
Batting: RHB Júlio Gruzmán 0-0: Ground out 4-3 (Groundball, 4)
Batting: RHB Doug Reed 0-0: Called Strike
0-1: Called Strike
0-2: Foul Ball, location: 2F
0-2: SINGLE (Line Drive, 4MD)
Batting: LHB Félix López 0-0: Ball
1-0: Foul Ball, location: 2F
1-1: Ball
2-1: Ground out 3-1 (Groundball, 34)
Doug Reed to second
Batting: RHB Tim Robinson 0-0: Foul Ball, location: 2F
0-1: Ball
1-1: Foul Ball, location: 2F
1-2: Foul Ball, location: 2F
1-2: Ball
2-2: Foul Ball, location: 2F
2-2: Foul Ball, location: 2F
2-2: Strikes out looking
Top of the 2nd over - 0 run(s), 1 hit(s), 0 error(s), 1 left on base; New Amsterdam 1 - Ft. Worth 1
BOTTOM OF THE 2ND
Ft. Worth Cattlemen batting - Pitching for New Amsterdam Republics : RHP Andy Coker
Batting: LHB Pat McJannett 0-0: Foul Ball, location: 2F
0-1: Foul Ball, location: 2F
0-2: Foul Ball, location: 2F
0-2: Foul Ball, location: 2F
0-2: Ball
1-2: Strikes out looking
Batting: RHB Robby Thomas 0-0: Ball
1-0: Called Strike
1-1: Ball
2-1: Swinging Strike
2-2: Strikes out looking
Batting: RHB Jack Weber 0-0: Ball
1-0: Ground out 6-3 (Groundball, 6)
Bottom of the 2nd over - 0 run(s), 0 hit(s), 0 error(s), 0 left on base; New Amsterdam 1 - Ft. Worth 1
TOP OF THE 3RD
New Amsterdam Republics batting - Pitching for Ft. Worth Cattlemen : LHP Bartolomeu Lio
Batting: LHB Steve Ingram 0-0: Ball
1-0: Ball
2-0: Ball
3-0: Called Strike
3-1: Called Strike
3-2: Foul Ball, location: 2F
3-2: Foul Ball, location: 2F
3-2: Strikes out swinging
Batting: RHB Hank Wilder 0-0: Ball
1-0: Called Strike
1-1: Ball
2-1: Foul Ball, location: 2F
2-2: Ball
3-2: Ground out 6-3 (Groundball, 6)
Batting: RHB Júlio Maldonado 0-0: Ball
1-0: Foul Ball, location: 2F
1-1: Called Strike
1-2: Foul Ball, location: 2F
1-2: Ball
2-2: SOLO HOME RUN (Flyball, 78XD), Distance : 416 ft
Batting: RHB Carlos Ortega 0-0: Ball
1-0: Ball
2-0: Foul Ball, location: 2F
2-1: Foul Ball, location: 2F
2-2: Strikes out swinging
Top of the 3rd over - 1 run(s), 1 hit(s), 0 error(s), 0 left on base; New Amsterdam 2 - Ft. Worth 1
BOTTOM OF THE 3RD
Ft. Worth Cattlemen batting - Pitching for New Amsterdam Republics : RHP Andy Coker
Batting: SHB Robby Day 0-0: Ball
1-0: Swinging Strike
1-1: Ball
2-1: Ball
3-1: Fly out, F6 (Popup, 6MD)
Batting: LHB Ryan Westlake 0-0: Ball
1-0: Ball
2-0: Ball
3-0: Called Strike
3-1: Base on Balls
Batting: RHB Bart Lewis 0-0: Called Strike
0-1: Ball
1-1: Called Strike
1-2: Foul Ball, location: 2F
1-2: Foul Ball, location: 2F
1-2: Foul Ball, location: 2F
1-2: Foul Ball, location: 2F
1-2: Fly out, F9 (Line Drive, 9S)
Batting: RHB Alan Elder 0-0: SINGLE (Groundball, 56D)
Ryan Westlake to second
Batting: RHB Joey Morgan 0-0: DOUBLE (Line Drive, 78M)
Ryan Westlake scores
Alan Elder to third
Runner from 3rd tries for Home, SAFE, no throw or cutoff
Batting: SHB Eiji Suzuki 0-0: Ball
1-0: Ball
2-0: SINGLE (Groundball, 56D)
Joey Morgan to third
Runner from 3rd tries for Home, SAFE, no throw or cutoff
Batting: LHB Pat McJannett 0-0: Ball
1-0: Ball
2-0: Foul Ball, location: 2F
2-1: Ground out 1-3 (Groundball, 15S)
Bottom of the 3rd over - 3 run(s), 3 hit(s), 0 error(s), 1 left on base; New Amsterdam 2 - Ft. Worth 4
TOP OF THE 4TH
New Amsterdam Republics batting - Pitching for Ft. Worth Cattlemen : LHP Bartolomeu Lio
Batting: RHB Takeru Sanu 0-0: Ball
1-0: Foul Ball, location: 2F
1-1: Ball
2-1: SINGLE (Line Drive, 6MD)
Batting: RHB Júlio Gruzmán 0-0: Grounds into double play, 6-4-3 (Groundball, 6)
Batting: RHB Doug Reed 0-0: Ball
1-0: SINGLE (Groundball, 6MD)
Batting: LHB Félix López 0-0: Ball
1-0: Foul Ball, location: 2F
1-1: Ground out 1-3 (Groundball, 13S)
Top of the 4th over - 0 run(s), 2 hit(s), 0 error(s), 1 left on base; New Amsterdam 2 - Ft. Worth 4
BOTTOM OF THE 4TH
Ft. Worth Cattlemen batting - Pitching for New Amsterdam Republics : RHP Andy Coker
Batting: RHB Robby Thomas 0-0: Called Strike
0-1: Foul Ball, location: 2F
0-2: Foul Ball, location: 2F
0-2: Ball
1-2: Ball
2-2: Strikes out looking
Batting: RHB Jack Weber 0-0: Foul Ball, location: 2F
0-1: Ball
1-1: Ground out 6-3 (Groundball, 6)
Batting: SHB Robby Day 0-0: Called Strike
0-1: SINGLE (Line Drive, 8RS)
Batting: LHB Ryan Westlake 0-0: Fly out, F9 (Flyball, 89M)
Bottom of the 4th over - 0 run(s), 1 hit(s), 0 error(s), 1 left on base; New Amsterdam 2 - Ft. Worth 4
TOP OF THE 5TH
New Amsterdam Republics batting - Pitching for Ft. Worth Cattlemen : LHP Bartolomeu Lio
Pitching: RHP Pete Wood
Batting: RHB Tim Robinson 0-0: Called Strike
0-1: Ball
1-1: Ball
2-1: Foul Ball, location: 2F
2-2: Ground out 6-3 (Groundball, 6M)
Batting: LHB Steve Ingram 0-0: Ball
1-0: Foul Ball, location: 2F
1-1: Swinging Strike
1-2: Ball
2-2: Foul Ball, location: 2F
2-2: Foul Ball, location: 2F
2-2: Strikes out swinging
Batting: RHB Hank Wilder 0-0: Ball
1-0: Foul Ball, location: 2F
1-1: Ball
2-1: Ground out 6-3 (Groundball, 6)
Top of the 5th over - 0 run(s), 0 hit(s), 0 error(s), 0 left on base; New Amsterdam 2 - Ft. Worth 4
BOTTOM OF THE 5TH
Ft. Worth Cattlemen batting - Pitching for New Amsterdam Republics : RHP Andy Coker
Pitching: LHP Allan Strawson
Batting: RHB Bart Lewis 0-0: Called Strike
0-1: Ball
1-1: Ball
2-1: Ball
3-1: Base on Balls
Batting: RHB Alan Elder 0-0: Ball
1-0: Called Strike
1-1: Ball
2-1: Called Strike
2-2: Ball
3-2: Foul Ball, location: 2F
3-2: Foul Ball, location: 2F
3-2: Strikes out swinging
Batting: RHB Joey Morgan 0-0: Foul Ball, location: 2F
0-1: Ball
Passed Ball!
Bart Lewis to second
1-1: Fly out, F4 (Popup, 3D)
Batting: SHB Eiji Suzuki 0-0: Called Strike
0-1: Foul Ball, location: 2F
0-2: Strikes out swinging
Bottom of the 5th over - 0 run(s), 0 hit(s), 0 error(s), 1 left on base; New Amsterdam 2 - Ft. Worth 4
TOP OF THE 6TH
New Amsterdam Republics batting - Pitching for Ft. Worth Cattlemen : RHP Pete Wood
Batting: RHB Júlio Maldonado 0-0: Called Strike
0-1: Swinging Strike
0-2: Ball
1-2: Ball
2-2: Foul Ball, location: 2F
2-2: Strikes out swinging
Batting: RHB Carlos Ortega 0-0: Foul Ball, location: 2F
0-1: Fly out, F9 (Flyball, 89S)
Batting: RHB Takeru Sanu 0-0: Called Strike
0-1: Called Strike
0-2: Strikes out looking
Top of the 6th over - 0 run(s), 0 hit(s), 0 error(s), 0 left on base; New Amsterdam 2 - Ft. Worth 4
BOTTOM OF THE 6TH
Ft. Worth Cattlemen batting - Pitching for New Amsterdam Republics : LHP Allan Strawson
Batting: LHB Pat McJannett 0-0: Called Strike
0-1: Ball
1-1: Called Strike
1-2: DOUBLE (Flyball, 89XD)
Batting: RHB Robby Thomas 0-0: Swinging Strike
0-1: Sac Bunt - play at third, runner OUT! 1-5
Batting: RHB Jack Weber 0-0: Foul Ball, location: 2F
0-1: Grounds into double play, 6-4-3 (Groundball, 6)
Bottom of the 6th over - 0 run(s), 1 hit(s), 0 error(s), 0 left on base; New Amsterdam 2 - Ft. Worth 4
TOP OF THE 7TH
New Amsterdam Republics batting - Pitching for Ft. Worth Cattlemen : RHP Pete Wood
Batting: RHB Júlio Gruzmán 0-0: Ball
1-0: Ball
2-0: Ball
3-0: Called Strike
3-1: Fly out, F8 (Flyball, 8LD)
Batting: RHB Doug Reed 0-0: Ground out 4-3 (Groundball, 4)
Batting: LHB Félix López 0-0: Called Strike
0-1: Foul Ball, location: 2F
0-2: Ball
1-2: Ball
2-2: Strikes out swinging
Top of the 7th over - 0 run(s), 0 hit(s), 0 error(s), 0 left on base; New Amsterdam 2 - Ft. Worth 4
BOTTOM OF THE 7TH
Ft. Worth Cattlemen batting - Pitching for New Amsterdam Republics : LHP Allan Strawson
Pinch Hitting: LHB Orlando Trevino 0-0: Ball
1-0: Swinging Strike
1-1: Called Strike
1-2: Fly out, F4 (Line Drive, 4)
Pinch Hitting: RHB Kevin Howard 0-0: Ball
1-0: Ball
2-0: Called Strike
2-1: Swinging Strike
2-2: Ball
3-2: Strikes out looking
Batting: LHB Bill Burgess 0-0: Ground out U3 (Groundball, 3)
Bottom of the 7th over - 0 run(s), 0 hit(s), 0 error(s), 0 left on base; New Amsterdam 2 - Ft. Worth 4
TOP OF THE 8TH
New Amsterdam Republics batting - Pitching for Ft. Worth Cattlemen : RHP Pete Wood
Now at 3B: Kevin Howard
Now in CF: Will Brock
Batting: RHB Tim Robinson 0-0: Called Strike
0-1: Ball
1-1: Ball
2-1: DOUBLE (Line Drive, 7LD)
Pinch Hitting: RHB Taikan Miura 0-0: Foul Ball, location: 2F
0-1: Called Strike
0-2: Foul Ball, location: 2F
0-2: Fly out, F6 (Popup, 6D)
Pinch Hitting: SHB Todd Hill 0-0: Called Strike
0-1: Called Strike
0-2: Strikes out swinging
Pinch Hitting: RHB Cory Hansen 0-0: Ball
1-0: Called Strike
1-1: Foul Ball, location: 2F
1-2: Foul Ball, location: 2F
1-2: DOUBLE (Line Drive, 78M)
Tim Robinson scores
Pitching: LHP Ron Anderson
Pinch Hitting: RHB Ronald Shelton 0-0: Ball
1-0: Fly out, F9 (Line Drive, 89M)
Top of the 8th over - 1 run(s), 2 hit(s), 0 error(s), 1 left on base; New Amsterdam 3 - Ft. Worth 4
BOTTOM OF THE 8TH
Ft. Worth Cattlemen batting - Pitching for New Amsterdam Republics : LHP Allan Strawson
Now at 1B: Cory Hansen
Now at SS: Ronald Shelton
Now in CF: Juan Salinas
Now in RF: Todd Hill
Batting: RHB Alan Elder 0-0: Called Strike
0-1: Foul Ball, location: 2F
0-2: SINGLE (Groundball, 6MD)
Batting: RHB Joey Morgan 0-0: Foul Ball, location: 2F
0-1: Swinging Strike
0-2: Ball
1-2: Ball
2-2: Strikes out swinging
Pinch Hitting: SHB Roger Wheeler 0-0: Called Strike
0-1: Ball
1-1: Ball
2-1: Ball
3-1: Foul Ball, location: 2F
3-2: Base on Balls
Alan Elder to second
Batting: LHB Pat McJannett 0-0: Ball
1-0: Swinging Strike
1-1: Hit by Pitch
Alan Elder to third
Roger Wheeler to second
Batting: RHB Robby Thomas 0-0: Called Strike
0-1: Ball
1-1: Swinging Strike
1-2: Ball
2-2: Foul Ball, location: 2F
2-2: Foul Ball, location: 2F
2-2: SINGLE (Line Drive, 7LS)
Alan Elder scores
Roger Wheeler to third
Pat McJannett to second
Pinch Hitting: SHB Ray Dickey 0-0: Ball
1-0: Ball
2-0: Called Strike
2-1: Fly out, F5 (Line Drive, 56)
Batting: SHB Will Brock 0-0: Called Strike
0-1: GRAND SLAM HOME RUN (Flyball, 78XD), Distance : 430 ft
Pitching: LHP Frenk Norman
Batting: RHB Kevin Howard 0-0: Ball
1-0: Called Strike
1-1: Ground out 6-3 (Groundball, 6)
Bottom of the 8th over - 5 run(s), 3 hit(s), 0 error(s), 0 left on base; New Amsterdam 3 - Ft. Worth 9
TOP OF THE 9TH
New Amsterdam Republics batting - Pitching for Ft. Worth Cattlemen : LHP Ron Anderson
Now at C: Carlos Pérez
Now at 2B: Roger Wheeler
Now at SS: Gonzalo Féliz
Pinch Hitting: RHB Francisco García 0-0: Called Strike
0-1: Fly out, F8 (Flyball, 8LM)
Pinch Hitting: RHB Manuel Martínez 0-0: Swinging Strike
0-1: Ball
1-1: Fly out, F2 (Popup, 2RF)
Batting: SHB Carroll Kline 0-0: Ball
1-0: Ground out 4-3 (Groundball, 4)
Top of the 9th over - 0 run(s), 0 hit(s), 0 error(s), 0 left on base; New Amsterdam 3 - Ft. Worth 9
This league is powered by Out of the Park Baseball, the baseball management simulation game for PC, Mac and Linux
Friday, January 22nd, 2016 - OOTP Baseball 16.9 Build 39